 Dungeon Crawl Stone Soup version 0.23.1-37-gaa34b87 (webtiles) character file.

Game seed: 15823039005179491868

156 dhn the Covered (level 5, -3/47 HPs)
             Began as a Minotaur Fighter on Mar 26, 2019.
             Killed by divine providence
             ... invoked by an orc priest
              (12 damage)
             ... on level 4 of the Dungeon.
             The game lasted 00:01:41 (1687 turns).

dhn the Covered (Minotaur Fighter)                  Turns: 1687, Time: 00:01:41

Health: -3/47      AC:  8    Str: 20    XL:     5   Next: 15%
Magic:  4/4        EV:  7    Int:  5    God:
Gold:   111        SH:  9    Dex: 11    Spells: 4/4 levels left

rFire    . . .     SeeInvis .   a - +0 war axe
rCold    . . .     Gourm    .   c - +0 shield
rNeg     . . .     Faith    .   b - +0 scale mail
rPois    .         Spirit   .   (helmet restricted)
rElec    .         Reflect  .   l - +0 cloak
rCorr    .         Harm     .   (no gloves)
MR       .....                  (no boots)
Stlth    ..........             (no amulet)
HPRegen  0.15/turn              (no ring)
MPRegen  0.09/turn              (no ring)

@: no status effects
A: retaliatory headbutt, horns 2
a: no special abilities


You were on level 4 of the Dungeon.
You were not hungry.

You visited 1 branch of the dungeon, and saw 4 of its levels.

You collected 111 gold pieces.

Inventory:

Hand Weapons
 a - a +0 war axe (weapon)
Armour
 b - a +0 scale mail (worn)
 c - a +0 shield (worn)
 l - a +0 cloak (worn)
Jewellery
 k - an uncursed amulet of the gourmand {unknown}
Scrolls
 g - 2 scrolls of teleportation {unknown}
 h - 2 scrolls of remove curse {unknown}
 i - 2 scrolls of fear {unknown}
 j - a scroll of identify {unknown}
 n - a scroll of noise {unknown}
Potions
 d - a potion of might
 e - a potion of resistance {unknown}
 m - a potion of heal wounds {unknown}
 o - a potion of cancellation {unknown}
Comestibles
 f - a ration


   Skills:
 + Level 4.3 Fighting
 + Level 4.3 Axes
 + Level 4.8 Armour
 + Level 0.3 Dodging
 + Level 0.2 Stealth
 + Level 4.4 Shields


You had 4 spell levels left.
You didn't know any spells.
Your spell library was empty.

Dungeon Overview and Level Annotations

Branches:
Dungeon (4/15)
 Temple: D:4-7

Altars:


Innate Abilities, Weirdness & Mutations

You reflexively headbutt those who attack you in melee.
You have a pair of horns on your head.


Message History

The orc's wounds heal themselves!
The orc hits you but does no damage. x2
You slash the orc!
You kill the orc!
Your shield and scale mail prevent you from hitting the orc.
You hit the orc. You block the orc's attack. The orc hits you.
The orc hits you with a +1 whip of electrocution.
You are electrocuted!
* * * LOW HITPOINT WARNING * * *
The orc priest calls upon Beogh to heal the orc.
The orc's wounds heal themselves!
The orc wizard hits you with a +0 dagger.
* * * LOW HITPOINT WARNING * * *
You are too injured to fight recklessly!
Unknown command.
There is a stone staircase leading up here.
Unknown command.
The orc hits you but does no damage.
The orc priest invokes the aid of Beogh against you.
Beogh smites you!
You die...

####.#
.....# #....
. # ....# ..
#)#.#.# ...
#.#%$.##....
#..........
#@so.##
##oo..#
#...o...#
#.........#
#.........#
+....>...<#
#........##
#?......##
#.......#


You could see a scorpion, an orc priest, an orc wizard and 2 orcs.

Vanquished Creatures
  A centaur (D:3)
  3 adders
  A dart slug (D:1)
  A worm (D:3)
  A leopard gecko (D:2)
  2 orcs
  A ball python (D:2)
  6 bats
  A giant cockroach (D:1)
  3 hobgoblins (D:1)
  2 jackals (D:3)
  5 kobolds
  2 quokkas
  5 frilled lizards
  5 goblins
  10 rats
49 creatures vanquished.

Notes
Turn   | Place    | Note
-------+----------+-------------------------------------------
     0 | D:1      | dhn the Minotaur Fighter began the quest for the Orb.
     0 | D:1      | Reached XP level 1. HP: 19/19 MP: 0/0
   221 | D:1      | Reached XP level 2. HP: 27/27 MP: 1/1
   595 | D:2      | Reached XP level 3. HP: 33/33 MP: 2/2
  1150 | D:3      | Noticed a centaur
  1157 | D:3      | Killed a centaur
  1157 | D:3      | Reached XP level 4. HP: 36/41 MP: 3/3
  1157 | D:3      | Reached XP level 5. HP: 41/47 MP: 4/4
  1687 | D:4      | Killed from afar by an orc priest

Skill      XL: |  1  2  3 |
---------------+----------+-----
Armour         | 4 |  4.8
Fighting       | 4 |  4.3
Axes           | 4 |  4.3
Shields        | 4 |  4.4
Dodging        | |  0.3
Stealth        | |  0.2

Action                   |  1- 3 |  4- 6 || total
-------------------------+-------+-------++-------
Melee: War axe           |   103 |    19 ||   122
       Headbutt          |    16 |     7 ||    23
  Eat: Chunk             |       |     3 ||     3
Armor: Scale mail        |    50 |    10 ||    60
Dodge: Dodged            |    27 |     6 ||    33
Block: Shield            |    54 |     7 ||    61
